cohdb
Replays
Latest Replays
All Replays
Popular Replays
Top Player Replays
Match Explorer
How It Works
Community
CoH3 Stats
Reddit
Sign in to upload your games and track your stats! →
Sign in with Steam
Match 45276457
Unlisted
Match 45276457
Overview
Messages
Build Orders
End
Kradschützen Motorcycle Team
Panzerpioneer Squad
Selects Armored Support Battlegroup
Panzergrenadier Squad
Panzergrenadier Squad
Construct Light Support Kompanie
MG34 Team
Fire Support Elements
Flakvierling Half-track
Pak 38 Mechanized Group
Selects Veteran Gunners
Selects Salvage Kits
Vehicle Survival Package
Combat Half-tracks
Construct Panzerarmee Kommand
Panzer III L Medium Tank
Emergency Repair Kits
Selects Flammpanzer III Medium Tank
Panzer III L Medium Tank
Rapid Advance
Armored Reserves
Selects Command Panzer IV F Medium Tank
Command Panzer IV F Medium Tank
(502) Bad Gateway
CABILATOR
0
0
Comments
sign in to comment!
No comments posted yet!